 Dungeon Crawl Stone Soup version 0.20.1-1-g8b1a95d (webtiles) character file.

772 Blomdor the Chopper (level 7, -3/56 HPs)
             Began as a Barachi Air Elementalist on Oct 3, 2017.
             Was a Priest of Cheibriados.
             Splashed by a crimson imp's acid (13 damage)
             ... on level 5 of the Dungeon.
             The game lasted 00:08:59 (5548 turns).

Blomdor the Chopper (Barachi Air Elementalist)      Turns: 5548, Time: 00:08:59

Health: -3/56      AC:  9    Str: 18    XL:     7   Next: 83%
Magic:  10/10      EV:  8    Int: 23    God:    Cheibriados [***...]
Gold:   172        SH:  0    Dex: 19    Spells: 10/10 levels left

rFire    . . .     SeeInvis .   A - -2 mace (curse)
rCold    + . .     Gourm    .   (no shield)
rNeg     + . .     Faith    .   x - +1 chain mail {rC+}
rPois    .         Spirit   .   (no helmet)
rElec    .         Reflect  .   (no cloak)
rCorr    .         Harm     .   (no gloves)
MR       .....                  (no boots)
Stlth    ..........             (no amulet)
Regen    0.2/turn               o - ring of stealth
MPRegen  0.2/turn               p - ring of positive energy

@: very slow
A: +LOS, swims, slowness 1, strong legs 1
a: Hop, Bend Time, Temporal Distortion, Renounce Religion


You were on level 5 of the Dungeon.
You worshipped Cheibriados.
Cheibriados was most pleased with you.
You were not hungry.

You visited 1 branch of the dungeon, and saw 6 of its levels.

You collected 172 gold pieces.

Inventory:

Hand Weapons
 g - a +3 mace
 q - a +0 hand axe
 w - a +1 vampiric hand axe
 A - a cursed -2 mace (weapon)
Armour
 j - a +0 ring mail
 x - a +1 chain mail of cold resistance (worn)
 B - a +0 plate armour
Jewellery
 o - a ring of stealth (left hand)
 p - a ring of positive energy (right hand)
Wands
 s - a wand of iceblast (0/15)
Scrolls
 i - 2 scrolls of fear
 y - a scroll of enchant armour
 z - a scroll of magic mapping
Potions
 a - a potion of lignification {unknown}
 e - 2 potions of degeneration {unknown}
 h - 2 potions of agility
 k - a potion of invisibility
 l - 2 potions of mutation
 m - 2 potions of brilliance
 r - 2 potions of curing
 t - a potion of flight {unknown}
 C - 2 potions of cancellation {unknown}
Books
 b - a book of Air

   Spells                             Type                      Level
   a - Shock                          Conjuration/Air              1
   b - Swiftness                      Charms/Air                   2
   c - Static Discharge               Conjuration/Air              3
   d - Airstrike                      Air                          4
   e - Lightning Bolt                 Conjuration/Air              5
Comestibles
 c - 5 bread rations
 d - 3 meat rations
 f - 4 royal jellies
 u - a fruit


   Skills:
 - Level 5.4 Fighting
 * Level 7.2 Axes
 - Level 2.0 Armour
 - Level 2.1 Dodging
 - Level 1.7 Stealth
 - Level 2.1 Spellcasting
   Level 1.1 Conjurations
   Level 3.2 Air Magic


You had 10 spell levels left.
You didn't know any spells.

Dungeon Overview and Level Annotations

Branches:
Dungeon (6/15)             Temple (0/1) D:4

Altars:
Cheibriados

Shops:
D:4 [   D:6 :


Innate Abilities, Weirdness & Mutations

Shadows flee at your approach. (+LOS)
You can swim through water.
You cover ground slowly.
You can hop short distances.


Message History

There is a stone staircase leading down here.
You hit the crimson imp.
The crimson imp is lightly wounded.
The crimson imp barely misses you.
The crimson imp hits you but does no damage.
You hit the crimson imp.
The crimson imp is moderately wounded.
The crimson imp completely misses you.
You closely miss the crimson imp.
The crimson imp is lightly wounded.
The crimson imp zaps a wand.
The bolt of acid misses you.
You hit the crimson imp.
The crimson imp is lightly wounded.
The crimson imp hits you but does no damage.
You hit the crimson imp.
The crimson imp is lightly wounded.
The crimson imp zaps a wand.
The bolt of acid hits you!
* * * LOW HITPOINT WARNING * * *
You are splashed with acid!
The acid burns!
You die...

######### #.......#
#5@.....# #.......#
#.......# ##......<# #
#######........#
########.....^........#
.........######.......#
.######### #.......#
...# #.......#


You could see a crimson imp.

Vanquished Creatures
  3 ogres
  A bullfrog (D:6)
  2 hounds
  A jelly (D:5)
  An orc priest (D:6)
  Ijyb (D:3)
  2 orc wizards
  A worker ant (D:5)
  8 adders
  A gnoll (D:1)
  3 oozes
  An adder skeleton (D:6)
  3 worms
  2 dart slugs
  8 leopard geckos
  15 orcs
  6 bats
  A giant cockroach (D:3)
  13 goblins
  6 hobgoblins
  14 jackals
  2 quokkas
  4 frilled lizards
  A jackal skeleton (D:4)
  4 kobolds
  12 rats
116 creatures vanquished.

Notes
Turn   | Place    | Note
-------+----------+-------------------------------------------
     0 | D:1      | Blomdor the Barachi Air Elementalist began the quest for the Orb.
     0 | D:1      | Reached XP level 1. HP: 13/13 MP: 3/3
   110 | D:1      | Reached skill level 1 in Fighting
   141 | D:1      | Reached XP level 2. HP: 17/22 MP: 0/5
   580 | D:1      | Reached XP level 3. HP: 8/29 MP: 2/6
   962 | D:2      | Found a snail-covered altar of Cheibriados.
   972 | D:2      | Became a worshipper of Cheibriados the Contemplative
  1123 | D:2      | Reached XP level 4. HP: 8/37 MP: 7/7
  1676 | D:2      | Reached * piety under Cheibriados
  2043 | D:2      | Reached skill level 5 in Fighting
  2184 | D:2      | Reached XP level 5. HP: 43/44 MP: 8/8
  2410 | D:3      | Reached skill level 1 in Armour
  2845 | D:3      | Reached skill level 1 in Axes
  2986 | D:3      | Reached ** piety under Cheibriados
  3029 | D:3      | Noticed Ijyb
  3038 | D:3      | Killed Ijyb
  3038 | D:3      | Reached skill level 2 in Axes
  3307 | D:3      | Reached XP level 6. HP: 44/51 MP: 9/9
  3485 | D:4      | Found Poklax Isou's Antique Armour Shoppe.
  3560 | D:4      | Reached skill level 4 in Axes
  3674 | D:4      | Found a staircase to the Ecumenical Temple.
  3832 | D:4      | Reached *** piety under Cheibriados
  4304 | D:5      | Entered Level 5 of the Dungeon
  4409 | D:5      | Reached skill level 5 in Axes
  4437 | D:5      | Reached XP level 7. HP: 56/56 MP: 10/10
  4780 | D:5      | Reached skill level 6 in Axes
  5221 | D:6      | Found Isoymux's Book Emporium.
  5239 | D:6      | Reached skill level 7 in Axes
  5548 | D:5      | Splashed by a crimson imp's acid

Skill      XL: |  1  2  3  4  5  6  7 |
---------------+----------------------+-----
Fighting       | 1 3 4 5 |  5.4
Armour         | 2 |  2.0
Axes           | 2 5 7 |  7.2
Dodging        | |  2.1
Stealth        | |  1.7
Spellcasting   | |  2.1
Conjurations   | |  1.1
Air Magic      | |  3.2

Action                   |  1- 3 |  4- 6 |  7- 9 || total
-------------------------+-------+-------+-------++-------
Melee: Unarmed           |    44 |       |       ||    44
       Mace              |    21 |   258 |   107 ||   386
 Cast: Shock             |    27 |       |       ||    27
 Abil: Hop               |       |       |     1 ||     1
Evoke: Wand              |       |     2 |     4 ||     6
  Use: Scroll            |     2 |    13 |     1 ||    16
       Potion            |       |     1 |     1 ||     2
 Stab: Sleeping          |       |     3 |       ||     3
  Eat: Chunk             |     2 |     6 |     2 ||    10
Armor: Robe              |    13 |    24 |       ||    37
       Ring mail         |       |    35 |       ||    35
       Chain mail        |       |    74 |    82 ||   156
Dodge: Dodged            |    49 |   215 |    62 ||   326
